 Dungeon Crawl Stone Soup version 0.27-a0-1090-gb115f176c6 (webtiles) character file.

Game seed: 4407631783857860930

59 scammafunk the Grasshopper (level 4, -1/37 HPs)
             Began as a Ghoul Warper on Apr 27, 2021.
             Slain by an adder (2 damage)
             ... on level 2 of the Dungeon.
             The game lasted 00:04:53 (1096 turns).

scammafunk the Grasshopper (Ghoul Warper)           Turns: 1096, Time: 00:04:54

Health: -1/37      AC:  5    Str: 15    XL:     4   Next: 3%
Magic:  2/6        EV: 11    Int:  8    God:
Gold:   39         SH:  0    Dex:  8    Spells: 5/7 levels left

rFire    . . .     SeeInvis .   a - +0 spear
rCold    + . .     Faith    .   (no shield)
rNeg     + + +     Spirit   .   b - +0 leather armour
rPois    ∞         Reflect  .   (no helmet)
rElec    .         Harm     .   (no cloak)
rCorr    .         Rampage  .   g - +1 pair of gloves
Will     .....                  (no boots)
Stlth    +.........             (no amulet)
HPRegen  0.00/turn              (no ring)
MPRegen  0.10/turn              (no ring)

@: no status effects
A: claws 1, cold resistance 1, negative energy resistance 3, inhibited
regeneration, torment resistance 2, unbreathing 1
a: no special abilities


You were on level 2 of the Dungeon.
You visited 1 branch of the dungeon, and saw 2 of its levels.

You collected 39 gold pieces.

Inventory:

Hand Weapons
 a - a +0 spear (weapon)
Missiles
 e - 4 boomerangs of dispersal
 m - 8 boomerangs
Armour
 b - a +0 leather armour (worn)
 g - a +1 pair of gloves (worn)
Scrolls
 d - a scroll of blinking
 h - 2 scrolls of enchant weapon {unknown}
 i - a scroll of acquirement {unknown}
 j - a scroll of immolation {unknown}
 l - a scroll of identify {unknown}
 n - a scroll of holy word {unknown}
Potions
 c - 2 potions of curing {unknown}
 f - a potion of brilliance {unknown}
 k - a potion of heal wounds {unknown}


   Skills:
 + Level 2.4 Fighting
 + Level 2.2 Polearms
 - Level 0.8 Throwing
 - Level 1.2 Armour
 + Level 2.0 Dodging
 + Level 2.3 Spellcasting
 + Level 3.2 Translocations


You had 5 spell levels left.
You knew the following spells:

 Your Spells              Type           Power      Damage    Failure   Level
a - Blink                 Tloc           N/A        N/A       17%         2

Your spell library contained the following spells:

 Spells                   Type           Power      Damage    Failure   Level
 Gell's Gravitas          Tloc           3%         N/A       34%         3
 Lesser Beckoning         Tloc           3%         N/A       34%         3
 Teleport Other           Tloc           6%         N/A       34%         3
 Manifold Assault         Tloc           6%         N/A       97%         5


Dungeon Overview and Level Annotations

Branches:
Dungeon (2/15)

Altars:


Innate Abilities, Weirdness & Mutations

You thrive by killing the living.
You are immune to poison.
You have sharp fingernails.
Your flesh is cold resistant. (rC+)
You are immune to negative energy. (rN+++)
You do not regenerate when monsters are visible.
You are immune to unholy pain and torment.
You can survive without breathing.


Message History

You hit the worm.
The worm is heavily wounded.
You hit the worm but do no damage.
The worm is heavily wounded.
The worm bites you but does no damage.
You completely miss the worm.
The worm is moderately wounded.
You hit the worm.
The worm is heavily wounded.
The worm bites you!
* * * LOW HITPOINT WARNING * * *
You barely miss the worm.
The worm is heavily wounded.
The worm bites you.
* * * LOW HITPOINT WARNING * * *
A frilled lizard and a kobold come into view.
The kobold shouts!
The frilled lizard hisses angrily.
Sorry, you're not good enough to have a special ability.
Casting: Blink (safe; 17% risk of failure)
Confirm with . or Enter, or press ? or * to list all spells.
You blink.
An adder comes into view.
The adder hisses angrily.
Found 11 poisoned darts.
You closely miss the frilled lizard. The frilled lizard barely misses you.
You hit the frilled lizard.
You kill the frilled lizard!
Reach: a) +0 spear
Press: ? - help, Dir - move target, f - adder
Aim: an adder (about 60% to evade your +0 spear)
You reach to attack!
You closely miss the adder. You hit the adder.
The adder is lightly wounded.
The adder bites you.
* * * LOW HITPOINT WARNING * * *
The adder closely misses you.
You hit the adder but do no damage.
The adder is lightly wounded.
The adder bites you.
You die...

#######....#
#########.......# #(..#
.........w..w.####..#. #
....###.†.###!K#.....#.#
###.....### #.....$...
......#####. .......#
....... ..###......#
......## ..#..S...#
.....l# #.#.#@...#
......######........#
.......$.##..#.######
#..w........#.<#...
#........####..#.#
#........###..†..###.
†..########..........
)....(...##.....#####
............#†#.#


You could see a worm, an adder and a kobold.

Vanquished Creatures
  2 gnolls (D:1)
  A dart slug (D:1)
  3 ball pythons
  4 bats
  5 endoplasms (D:1)
  4 goblins (D:1)
  2 hobgoblins (D:1)
  3 jackals (D:1)
  A quokka (D:1)
  6 frilled lizards
  2 kobolds
  4 rats
37 creatures vanquished.

Notes
Turn   | Place    | Note
-------+----------+-------------------------------------------
     0 | D:1      | scammafunk the Ghoul Warper began the quest for the Orb.
     0 | D:1      | Reached XP level 1. HP: 17/17 MP: 2/2
    47 | D:1      | Reached XP level 2. HP: 23/24 MP: 4/4
   225 | D:1      | Reached skill level 3 in Translocations
   433 | D:1      | Reached skill level 1 in Armour
   433 | D:1      | Reached XP level 3. HP: 21/29 MP: 5/5
   969 | D:1      | Learned a level 2 spell: Blink
  1050 | D:2      | Reached XP level 4. HP: 12/37 MP: 6/6
  1095 | D:2      | HP: 1/37 [adder (3)]
  1096 | D:2      | Slain by an adder

Illustrated notes

Levels and vault maps discovered:
D:1:      psy_arrival_whirlpool, layout_loops_ring, minmay_tall_x
D:2:      layout_rooms, basic_ecumenical_altar, chequers_mini_garden

Skill      XL: |  1  2  3 |
---------------+----------+-----
Spellcasting   | 2 |  2.3
Translocations | 3 |  3.2
Polearms       | 2 |  2.2
Armour         | 1 |  1.2
Dodging        | 2 |  2.0
Fighting       | |  2.4
Throwing       | |  0.8

Action                   |  1- 3 |  4- 6 || total
-------------------------+-------+-------++-------
Melee: Spear             |   137 |    25 ||   162
Throw: Boomerang         |     1 |       ||     1
 Cast: Blink             |       |     3 ||     3
Armor: Leather armour    |    50 |     3 ||    53
Dodge: Dodged            |    64 |    11 ||    75

Table legend: (Time is in decaauts)
 A = Elapsed time spent in this place.
 B = Non-inter-level travel time spent in this place.
 C = Inter-level travel time spent in this place.
 D = Time resting spent in this place.
 E = Time spent auto-exploring this place.
 F = Levels seen in this place.
 G = Mean time per level.
                   A        B        C        D        E       F      G
               +--------+--------+--------+--------+--------+-----+--------+
         Total |   1096 |   1083 |     13 |    169 |    621 |   2 |  548.0 |
       Dungeon |   1096 |   1083 |     13 |    169 |    621 |   2 |  548.0 |
               +--------+--------+--------+--------+--------+-----+--------+

Top non-repeatable levels by time:
     D:1: 985 daAuts
     D:2: 110 daAuts
